 Dungeon Crawl Stone Soup version 0.22.0 (webtiles) character file.

186 MTVSty1e the Chopper (level 5, -1/34 HPs)
             Began as a Gargoyle Monk on Aug 11, 2018.
             Killed from afar by an orc wizard (3 damage)
             ... with a magic dart
             ... on level 3 of the Dungeon.
             The game lasted 00:03:50 (1352 turns).

MTVSty1e the Chopper (Gargoyle Monk)                Turns: 1352, Time: 00:03:51

Health: -1/34      AC: 14    Str: 20 (21) XL:     5   Next: 65%
Magic:  5/5        EV:  1    Int:  9 (10) God:
Gold:   76         SH: 13    Dex: 11 (12) Spells: 4/4 levels left

rFire    . . .     SeeInvis .   a - +0 hand axe
rCold    . . .     Gourm    .   i - +0 large shield
rNeg     + . .     Faith    .   h - +0 plate armour
rPois    ∞         Spirit   .   (no helmet)
rElec    +         Reflect  .   (no cloak)
rCorr    .         Harm     .   (no gloves)
MR       .....     Clarity  +   (no boots)
Stlth    ..........             (no amulet)
HPRegen  0.11/turn              (no ring)
MPRegen  0.09/turn              (no ring)

@: mighty, flying (expiring), very slightly contaminated, slowed, invisible,
very slow
A: clarity, negative energy resistance 1, electricity resistance, unbreathing,
petrification resistance, rot immunity, AC +4
a: no special abilities


You were on level 3 of the Dungeon.
You were not hungry.

You visited 1 branch of the dungeon, and saw 3 of its levels.

You collected 76 gold pieces.

Inventory:

Hand Weapons
 a - a +0 hand axe (weapon)
Armour
 h - a +0 plate armour (worn)
 i - a +0 large shield (worn)
Scrolls
 b - a scroll of random uselessness {unknown}
 e - 4 scrolls of identify {unknown}
Potions
 d - a potion of flight
 l - 2 potions of might
Comestibles
 c - 4 rations
 k - 3 chunks of flesh


   Skills:
 + Level 4.4 Fighting
 * Level 4.5 Axes
 - Level 2.4 Dodging
 - Level 2.1 Stealth
 + Level 2.1 Shields


You had 4 spell levels left.
You didn't know any spells.
Your spell library was empty.

Dungeon Overview and Level Annotations

Branches:
Dungeon (3/15)

Altars:
Dithmenos

Annotations:
D:3 2 runed doors


Innate Abilities, Weirdness & Mutations

You are resistant to torment.
Your stone body is resilient. (AC +4)
You are immune to poison.
You resist negative energy. (rN+)
You are resistant to electric shocks. (rElec)
You can survive without breathing.
You are immune to petrification.
You are immune to rotting.
You possess an exceptional clarity of mind.


Message History

The orc wizard casts a spell at you.
You feel yourself slow down. You block the orc wizard's attack.
It was a potion of invisibility.
You fade into invisibility!
You block the orc wizard's attack.
The orc wizard hits you but does no damage.
You are very lightly contaminated with residual magic.
It was a potion of mutation.
You feel extremely strange.
Your thoughts seem clearer.
You feel stupid.
You feel clever.
You are starting to lose your buoyancy.
The orc wizard points at you and mumbles some strange words.
The magic dart hits you! You block the orc wizard's attack.
The orc hits you but does no damage.
The orc wizard hits you but does no damage.
It was a potion of might.
You feel very mighty all of a sudden.
The orc wizard hits you but does no damage.
The orc wizard gestures at you while chanting.
The magic dart hits you!
You die...

##.....<##
##.....†..##
#..........#
#.........(#
#..........#
#..........#
#.....†....#
.#........####
........@..†.#
........o.†###
........o..####.#
................#
..
...........######
...
..............#
...#........####.#
..#........#
###...####..#


You could see an orc wizard and an orc.

Vanquished Creatures
  A scorpion (D:2)
  An orc wizard (D:3)
  2 adders (D:2)
  An adder zombie (D:2)
  2 adder skeletons (D:2)
  2 leopard geckos
  3 orcs (D:3)
  6 bats
  2 bat skeletons (D:2)
  4 giant cockroaches
  7 goblins
  8 hobgoblins
  7 jackals (D:1)
  A quokka (D:2)
  6 frilled lizards
  A giant cockroach zombie (D:2)
  7 kobolds
  A quokka skeleton (D:2)
  9 rats
71 creatures vanquished.

Notes
Turn   | Place    | Note
-------+----------+-------------------------------------------
     0 | D:1      | MTVSty1e the Gargoyle Monk began the quest for the Orb.
     0 | D:1      | Reached XP level 1. HP: 14/14 MP: 1/1
    96 | D:1      | Reached XP level 2. HP: 18/19 MP: 2/2
   243 | D:1      | Reached XP level 3. HP: 17/24 MP: 3/3
   592 | D:2      | Found a shadowy altar of Dithmenos.
   653 | D:2      | Reached XP level 4. HP: 25/29 MP: 4/4
   794 | D:2      | Reached skill level 1 in Shields
   953 | D:2      | Reached XP level 5. HP: 25/33 MP: 5/5
  1256 | D:3      | Found a large runed door.
  1256 | D:3      | Found a large runed door.
  1347 | D:3      | HP: 1/34 [orc wizard/magic dart (5)]
  1351 | D:3      | Gained mutation: You possess an exceptional clarity of mind. [potion of mutation]
  1351 | D:3      | Gained mutation: You are dopey. (Int -2) [potion of mutation]
  1351 | D:3      | Lost mutation: You are dopey. (Int -2) [potion of mutation]
  1352 | D:3      | Killed from afar by an orc wizard

Skill      XL: |  1  2  3  4  5 |
---------------+----------------+-----
Axes           | 3 4 |  4.5
Fighting       | 4 |  4.4
Shields        | 1 2 |  2.1
Dodging        | |  2.4
Stealth        | |  2.1

Action                   |  1- 3 |  4- 6 || total
-------------------------+-------+-------++-------
Melee: Hand axe          |   100 |   128 ||   228
  Use: Potion            |       |     5 ||     5
 Stab: Sleeping          |     1 |       ||     1
  Eat: Chunk             |       |     2 ||     2
Armor: Robe              |    14 |       ||    14
       Plate armour      |    72 |   111 ||   183
Dodge: Dodged            |    41 |     7 ||    48
Block: Large shield      |    15 |   116 ||   131
